 Seeded DCSS version 0.29-a0-1023-g6ae1a4a2c7 (webtiles) character file.

Game seed: 12528737998145321627 (custom seed)

51366 flotson the Cleaver (level 14, -9/110 HPs)
             Began as a Demonspawn Delver on Aug 12, 2022.
             Was an Initiate of Gozag.
             Mangled by an alligator (31 damage)
             ... on level 4 of the Lair of Beasts.
             The game lasted 00:34:47 (14558 turns).

flotson the Cleaver (Demonspawn Delver)            Turns: 14558, Time: 00:34:53

Health: -9/110     AC: 37    Str: 23    XL:     14   Next: 23%
Magic:  11/14      EV: 16    Int: 10    God:    Gozag
Gold:   1111       SH:  0    Dex: 16    Spells: 13/13 levels left

rFire   + + .      SeeInvis .   a - +8 whip "Snakebite" {venom, curare, rPois}
rCold   + . .      Faith    .   Y - orb {mayhem}
rNeg    . . .      Spirit   .   T - +7 plate armour of Valour {rF++ rC+ Int+2}
rPois   +          Reflect  .   x - +2 hat {Will+}
rElec   .          Harm     .   G - +0 cloak
rCorr   .          Rampage  .   V - +3 Mad Mage's Maulers {Infuse+∞ RegenMP Int-3}
Will    ++...                   D - +0 pair of boots
Stlth   ..........              y - amulet of regeneration
HPRegen 1.08/turn               p - +4 ring of protection
MPRegen 0.54/turn               S - ring "Numoch" {rPois Str+6}

@: agile, gold aura
A: antennae 2, icy blue scales 2, ignite blood 2, powered by pain 1
a: Renounce Religion, Potion Petition, Call Merchant, Bribe Branch


You were on level 4 of the Lair of Beasts.
You worshipped Gozag.
Gozag was most pleased with you.
You visited 3 branches of the dungeon, and saw 15 of its levels.
You also visited: Bailey.

You collected 3272 gold pieces.
You spent 1662 gold pieces at shops.
You paid 499 gold pieces to Gozag.

Inventory:

Hand Weapons
 a - the +8 whip "Snakebite" (weapon) {venom, curare, rPois}
   (You found it on level 1 of the Lair of Beasts)

   It poisons the flesh of those it strikes.
   It occasionally inflicts asphyxiating poison on those it strikes, dealing
   poison damage and causing slowness.
   rPois:     It protects you from poison.
 b - a +4 broad axe
Missiles
 d - 20 poisoned darts
 v - 19 boomerangs
 B - a boomerang of dispersal
 C - 2 throwing nets
 K - 9 curare-tipped darts (quivered)
 L - 4 datura-tipped darts
 M - 4 atropa-tipped darts
Armour
 x - a +2 hat of willpower (worn)
 D - a +0 pair of boots (worn)
 G - a +0 cloak (worn)
 T - the +7 plate armour of Valour (worn) {rF++ rC+ Int+2}
   (You acquired it on level 4 of the Dungeon)

   Int:       It affects your intelligence (+2).
   rF:        It greatly protects you from fire.
   rC:        It protects you from cold.
 V - the +3 Mad Mage's Maulers (worn) {Infuse+∞ RegenMP Int-3}
   (You found it on level 9 of the Dungeon)

   It empowers its wearer's blows with all of their magic.
   It causes its wearer's magical reserves to regenerate more quickly.
   Int:       It affects your intelligence (-3).
 Y - an orb of mayhem (worn)
Jewellery
 p - a +4 ring of protection (left hand)
 y - an amulet of regeneration (around neck)
 O - the amulet "Fejuic Hauq" {Faith Fly rElec rCorr}
   (You found it in a bailey)

   [amulet of faith]

   It allows you to gain divine favour quickly.
   rElec:     It insulates you from electricity.
   Fly:       It grants you flight.
   rCorr:     It protects you from acid and corrosion.
 S - the ring "Numoch" (right hand) {rPois Str+6}
   (You took it off a deep elf pyromancer on level 9 of the Dungeon)

   [ring of strength]

   Str:       It affects your strength (+6).
   rPois:     It protects you from poison.
 W - an amulet of reflection
 X - a ring of ice
Wands
 g - a wand of digging (3)
 h - a wand of flame (16)
 I - a wand of quicksilver (11)
 Q - a wand of roots (10)
 Z - a wand of paralysis (6)
Scrolls
 c - 5 scrolls of fog
 i - 4 scrolls of identify
 j - 5 scrolls of enchant weapon
 l - a scroll of magic mapping
 q - 16 scrolls of teleportation
 s - 2 scrolls of blinking
 t - a scroll of silence
 u - 3 scrolls of enchant armour
 H - 3 scrolls of fear
 J - a scroll of vulnerability
 N - a scroll of summoning
Potions
 e - 3 potions of might
 f - 5 potions of haste
 k - 5 potions of cancellation
 m - 5 potions of attraction
 n - 4 potions of heal wounds
 w - 10 potions of curing
 z - 3 potions of resistance
 A - 4 potions of flight
 E - 3 potions of lignification
 P - 3 potions of mutation
Miscellaneous
 U - a box of beasts


   Skills:
 + Level 10.1 Fighting
 + Level 10.9 Axes
 + Level 8.8 Throwing
 + Level 8.7 Armour
 + Level 9.0 Dodging
 - Level 4.5 Stealth
 + Level 9.5 Evocations


You had 13 spell levels left.
You didn't know any spells.
Your spell library contained the following spells:

 Spells                   Type           Power      Damage    Failure   Level
 Sandblast                Erth           0%         2d4       99%         1
 Blink                    Tloc           0%         N/A       100%        2
 Passwall                 Tmut/Erth      0%         N/A       100%        2
 Lesser Beckoning         Tloc           0%         N/A       100%        3
 Portal Projectile        Hex/Tloc       0%         N/A       100%        3
 Stone Arrow              Conj/Erth      0%         3d7       100%        3
 Tukima's Dance           Hex            0%         N/A       100%        3
 Dispel Undead            Necr           0%         3d6       100%        4
 Blade Hands              Tmut           0%         N/A       100%        5
 Manifold Assault         Tloc           0%         N/A       100%        5
 Death Channel            Necr           0%         N/A       100%        6
 Dispersal                Tloc           0%         N/A       100%        6
 Disjunction              Tloc           0%         N/A       100%        8
 Corpse Rot               Necr/Pois/Air  Unusable   N/A       N/A         4

Dungeon Overview and Level Annotations

Branches:
Dungeon (10/15)            Temple (1/1) D:5            Lair (4/5) D:10
  Swamp (0/4) Lair:2       Spider (0/4) Lair:2       Bailey (visited)
  Slime: Lair:4-5       Orc: D:9-12

Altars:
Ashenzari
Cheibriados
Dithmenos
Fedhas
Gozag
Hepliaklqana
Kikubaaqudgha
Makhleb
Nemelex Xobeh
Okawaru
Qazlal
Ru
Sif Muna
Trog
Uskayaw
Vehumet
Wu Jian
Xom
Yredelemnul
Jiyva

Shops:
D:2 *[*[   D:4 *   D:6 *   D:9 *   D:10 (

Portals:
Abyss: Lair:2


Innate Abilities, Weirdness & Mutations

You have a pair of antennae on your head.
You are mostly covered in icy blue scales. (AC +3)
Your demonic aura often causes spilled blood to erupt in flames.
You sometimes gain a little power by taking damage.


Message History

The alligator bites you.
The alligator tail-slaps you but does no damage.
Unknown command.
You whack the swamp worm!
The swamp worm is poisoned.
The swamp worm convulses.
The swamp worm seems to slow down.
The swamp worm is almost dead.
The alligator is engulfed in blazing flames.
The alligator closely misses you. The alligator tail-slaps you.
The swamp worm bites you!
* * * LOW HITPOINT WARNING * * *
You focus on the pain.
You feel agile all of a sudden. The alligator attacks as you move away!
The alligator bites you but does no damage.
The alligator barely misses you.
The alligator is engulfed in blazing flames. x2
The alligator barely misses you.
The alligator tail-slaps you but does no damage.
You whack the alligator!
You kill the alligator!
The alligator flies into a frenzy!
Unknown command.
The swamp worm fires a harpoon shot at you.
The harpoon shot misses you.
The alligator is no longer distracted by gold.
The alligator is engulfed in a cloud of scalding steam.
The alligator bites the swamp worm!!
The swamp worm dies!
The alligator is engulfed in blazing flames.
The alligator bites you!!
* * * LOW HITPOINT WARNING * * *
You focus on the pain.
You feel your power returning.
The alligator tail-slaps you but does no damage.
You feel much better.
The alligator is engulfed in blazing flames.
The alligator barely misses you. The alligator completely misses you.
The alligator is engulfed in blazing flames.
The alligator bites you!!
You die...
Your body crumbles into a pile of gold.

≈#≈≈≈≈≈≈≈≈≈≈≈≈≈≈≈.......
#~..P≈≈≈≈##≈≈≈≈≈≈≈.......
≈ ~..~~##≈≈≈≈≈#≈≈≈≈≈..##..
≈≈ ~~~#~#≈≈≈≈≈≈≈#≈≈.##.#..
≈≈.#.~~≈≈≈≈≈≈≈≈#≈#≈.P#....
≈#~.≈##≈≈≈#~≈≈###≈≈.PP.≈§§
#..~.P.~~~..≈≈≈≈#≈≈..§§§≈≈
.~~≈~.$≈§§≈~.~..≈~....§≈≈≈
#.~~..~/t@~.≈#~.~≈≈..§.§§.
~#P...~$#≈≈≈≈≈≈≈#≈≈.#.....
###..≈≈#≈≈≈≈≈≈#≈##≈##P..#
≈≈≈≈≈.≈≈≈≈≈≈≈≈≈≈≈#.......
≈≈≈≈≈≈≈.≈≈≈≈≈≈≈#≈≈##.##...
≈≈≈≈≈≈#≈.~#≈≈≈≈#≈≈#####...
≈≈≈##≈≈≈$~~##≈≈≈≈≈#####..#
≈ .≈##≈≈≈≈##≈$≈ ≈≈≈≈
#..##... #≈≈≈#≈ #.#.....


You could see a neutral alligator (fast, strong, swift, insane).

Vanquished Creatures
  Fannar (D:10)
  3 boulder beetles
  The ghost of Gesod the Marksminotaur, a journeyman MiHu of Okawaru (Lair:2)
  2 hydras
  Erolcha (D:9)
  A two-headed ogre (D:8)
  A death yak (Lair:2)
  2 alligators (Lair:4)
  A fire crab (Lair:2)
  A lindwurm (shapeshifter) (Lair:2)
  A swamp dragon (Lair:4)
  A deep elf pyromancer (D:9)
  3 ugly things
  6 black mambas
  Joseph (D:10)
  3 cane toads (Lair:2)
  Maggie (D:10)
  6 komodo dragons
  A rime drake (Lair:2)
  A merfolk (shapeshifter) (Lair:2)
  A troll (D:10)
  2 polar bears
  7 blink frogs (Lair:3)
  A raiju (Lair:2)
  10 dream sheep (Lair:3)
  3 culicivoras (Lair:2)
  A spriggan (Lair:2)
  A shadow (D:10)
  10 yaks
  6 wyverns
  3 steam dragons
  5 basilisks
  5 redbacks (Lair:2)
  11 water moccasins
  7 orc warriors
  A sky beast (D:7)
  3 ice beasts
  2 black bears
  3 ogres
  A phantom (D:5)
  2 centaurs
  6 kobold brigands
  3 scorpions
  10 bullfrogs
  A gnoll sergeant (D:10)
  6 wights
  A hornet simulacrum (D:9)
  8 killer bees
  3 howler monkeys (D:9)
  4 electric eels (D:6)
  6 hounds
  5 iguanas
  8 orc priests
  13 orc wizards
  12 hell rats
  14 gnolls
  13 adders
  A white imp (D:7)
  2 ufetubi
  2 worms
  3 dart slugs
  34 orcs
  6 bats
  3 endoplasms (D:1)
  4 giant cockroaches (D:1)
  7 goblins
  13 hobgoblins
  7 jackals
  59 kobolds
  A quokka (D:1)
  6 ball pythons
  A frilled lizard (D:1)
  9 rats
  A bush (Lair:3)
  2 butterflies (Lair:4)
397 creatures vanquished.

Vanquished Creatures (collateral kills)
  A dream sheep (Lair:3)
  A swamp worm (Lair:4)
  2 hell rats
4 creatures vanquished.

Vanquished Creatures (others)
  A culicivora (Lair:2)
  A shadow imp (D:8)
  22 fungi
  A lurking horror (Lair:2)
  19 plants
44 creatures vanquished.

Grand Total: 445 creatures vanquished

Notes
Turn   | Place    | Note
-------+----------+-------------------------------------------
     0 | D:5      | flotson the Demonspawn Delver began the quest for the Orb.
     0 | D:5      | Reached XP level 1. HP: 18/18 MP: 1/1
   788 | D:2      | Gained mutation: Your demonic aura sometimes causes spilled
                  | blood to erupt in flames. [demonic ancestry]
   788 | D:2      | Reached XP level 2. HP: 17/24 MP: 2/2
  1190 | D:1      | Found a faded altar of an unknown god.
  1407 | D:1      | Reached XP level 3. HP: 29/29 MP: 3/3
  1513 | D:1      | Reached skill level 1 in Armour
  1877 | D:2      | Found Owiun's Assorted Antiques.
  1883 | D:2      | Found Uplix's Armour Boutique.
  1888 | D:2      | Found Jycep's Armour Shop.
  1908 | D:2      | Reached skill level 1 in Evocations
  1911 | D:2      | Reached skill level 1 in Throwing
  1920 | D:2      | Found Fasabuap's General Store.
  1933 | D:2      | Identified the +9 dagger of Impermanence {distort, *Rage
                  | Dex+6}
  2277 | D:3      | Found an iron altar of Okawaru.
  2285 | D:3      | Reached XP level 4. HP: 35/35 MP: 4/4
  2622 | D:3      | Found an ornate altar of the Wu Jian Council.
  2945 | D:4      | Gained mutation: You are partially covered in icy blue
                  | scales. (AC +2) [demonic ancestry]
  2945 | D:4      | Reached XP level 5. HP: 39/41 MP: 5/5
  3158 | D:4      | Found Hej Fio's General Store.
  3321 | D:4      | Reached XP level 6. HP: 48/48 MP: 6/6
  4011 | D:5      | Found a staircase to the Ecumenical Temple.
  4022 | Temple   | Entered the Ecumenical Temple
  4226 | D:5      | Found a blossoming altar of Fedhas.
  4255 | D:5      | Gained mutation: You sometimes gain a little power by
                  | taking damage. [demonic ancestry]
  4255 | D:5      | Reached XP level 7. HP: 54/54 MP: 7/7
  4720 | D:5      | Reached XP level 8. HP: 60/61 MP: 8/8
  4900 | D:6      | Found Qelamips's Mass Market.
  4915 | D:6      | Reached skill level 5 in Fighting
  5914 | D:7      | Found a flagged portal.
  5921 | Bailey   | Entered a bailey
  5949 | Bailey   | Gained mutation: You have a pair of small antennae on your
                  | head. [demonic ancestry]
  5949 | Bailey   | Reached XP level 9. HP: 68/68 MP: 9/9
  5997 | Bailey   | Identified the +1 robe of Fooggy {rF+ Stlth+}
  6028 | Bailey   | Reached skill level 5 in Axes
  6028 | Bailey   | Reached skill level 5 in Evocations
  6033 | Bailey   | Reached skill level 5 in Dodging
  6068 | Bailey   | Found a bloodstained altar of Trog.
  6086 | Bailey   | Identified the amulet "Fejuic Hauq" {Faith Fly rElec rCorr}
  6393 | D:7      | Found an ancient bone altar of Kikubaaqudgha.
  6733 | D:7      | Reached skill level 5 in Throwing
  6938 | D:8      | Noticed a two-headed ogre
  6950 | D:8      | Killed a two-headed ogre
  6951 | D:8      | Reached skill level 5 in Armour
  6951 | D:8      | Gained mutation: Your demonic aura often causes spilled
                  | blood to erupt in flames. [demonic ancestry]
  6951 | D:8      | Reached XP level 10. HP: 63/77 MP: 10/10
  7427 | D:8      | Found a burning altar of Makhleb.
  7427 | D:8      | Found a bloodstained altar of Trog.
  7503 | D:9      | Found an opulent altar of Gozag.
  7507 | D:9      | Found Gozag's Platinum Reserve.
  7615 | D:9      | Became a worshipper of Gozag Ym Sagoz the Greedy
  7675 | D:9      | Noticed Erolcha
  7748 | D:9      | Found a sparkling altar of Nemelex Xobeh.
  7986 | D:9      | Noticed a boulder beetle
  8021 | D:9      | Killed a boulder beetle
  8116 | D:9      | Noticed a boulder beetle
  8146 | D:9      | Killed a boulder beetle
  8157 | D:9      | Identified the ring "Numoch" {rPois Str+6}
  8157 | D:9      | Noticed a deep elf pyromancer
  8159 | D:9      | Found the +3 Mad Mage's Maulers {Infuse+∞ RegenMP Int-3}
  8161 | D:9      | Killed a deep elf pyromancer
  8162 | D:9      | Reached XP level 11. HP: 83/85 MP: 11/11
  8320 | D:9      | Killed Erolcha
  8369 | D:9      | Noticed a cyan ugly thing
  8375 | D:9      | Killed a cyan ugly thing
  8506 | D:10     | Entered Level 10 of the Dungeon
  8522 | D:10     | Found a staircase to the Lair.
  8634 | D:10     | Noticed Fannar
  8654 | D:10     | Killed Fannar
  8718 | D:10     | Noticed Maggie
  8732 | D:10     | Killed Maggie
  8938 | D:10     | Found Dublav's Antique Weapon Shoppe.
  9291 | D:10     | Noticed Joseph
  9296 | D:10     | Killed Joseph
  9541 | D:10     | Found a hazy altar of Hepliaklqana.
  9541 | D:10     | Found a basalt altar of Yredelemnul.
  9543 | D:10     | Found a sacrificial altar of Ru.
  9691 | Lair:1   | Entered Level 1 of the Lair of Beasts
  9872 | Lair:1   | Noticed a seven-headed hydra
  9878 | Lair:1   | Killed a seven-headed hydra
 10240 | Lair:1   | Gained mutation: You are mostly covered in icy blue scales.
                  | (AC +3) [demonic ancestry]
 10240 | Lair:1   | Reached XP level 12. HP: 90/94 MP: 1/12
 10292 | Lair:1   | Found the +8 whip "Snakebite" {venom, curare, rPois}
 10963 | D:2      | Bought a white potion for 18 gold pieces
 10963 | D:2      | Bought a scroll labelled ZUWEHE XODA for 21 gold pieces
 10963 | D:2      | Bought 2 potions of heal wounds for 210 gold pieces
 10963 | D:2      | Bought a scroll labelled NINNAE CIELU for 21 gold pieces
 10963 | D:2      | Bought a lead wand for 84 gold pieces
 10963 | D:2      | Bought a smoky red potion for 18 gold pieces
 10984 | D:2      | Bought a potion of curing for 33 gold pieces
 10984 | D:2      | Bought a scroll of identify for 22 gold pieces
 10984 | D:2      | Bought a potion of degeneration for 11 gold pieces
 11081 | D:4      | Bought a scroll of fear for 44 gold pieces
 11081 | D:4      | Bought a scroll of acquirement for 572 gold pieces
 11081 | D:4      | Bought a scroll of identify for 22 gold pieces
 11081 | D:4      | Bought a potion of cancellation for 88 gold pieces
 11081 | D:4      | Bought a scroll of enchant armour for 82 gold pieces
 11083 | D:4      | Acquired the +7 plate armour of Valour {rF++ rC+ Int+2}
 11195 | D:2      | Bought an orb of mayhem for 143 gold pieces
 11211 | D:2      | Bought a +2 hat of willpower for 273 gold pieces
 11559 | Lair:2   | Found a transporter.
 11633 | Lair:2   | Noticed Gesod's ghost (journeyman MiHu)
 11645 | Lair:2   | Found a transporter.
 11666 | Lair:2   | Noticed a six-headed hydra
 11673 | Lair:2   | Killed a six-headed hydra
 11952 | Lair:2   | Found a staircase to the Swamp.
 12041 | Lair:2   | Found a hole to the Spider Nest.
 12593 | Lair:3   | Noticed a death yak
 12593 | Lair:3   | Noticed a death yak
 12593 | Lair:3   | Noticed a death yak
 12593 | Lair:3   | Noticed a four-headed hydra
 12611 | Lair:2   | Killed a death yak
 12684 | Lair:2   | Found a one-way gate to the infinite horrors of the Abyss.
 12761 | Lair:2   | Killed Gesod's ghost
 12950 | Lair:3   | Noticed a boulder beetle
 12991 | Lair:3   | Killed a boulder beetle
 13127 | Lair:3   | Gained mutation: You have a pair of antennae on your head.
                  | [demonic ancestry]
 13127 | Lair:3   | Reached XP level 13. HP: 88/102 MP: 1/13
 13236 | Lair:3   | Reached skill level 10 in Axes
 13236 | Lair:3   | Reached XP level 14. HP: 109/109 MP: 2/14
 13956 | Lair:4   | Reached skill level 10 in Fighting
 14048 | Lair:4   | Found the +4 robe of Folly {Brilliance Will-∞ Int+8}
 14557 | Lair:4   | HP: 2/110 [alligator (34)]
 14558 | Lair:4   | Mangled by an alligator

Illustrated notes

Levels and vault maps discovered:
D:1:      onia_arrival_mini_maze, layout_loops_ring,
          ebering_ecumenical_altar_petrified
D:2:      layout_rooms, serial_curves, eino_curves_04, eino_curves_03,
          eino_curves_02, serial_shops, shop, nicolae_shop_crystal,
          nicolae_shop_behind_doors, shop, chequers_serial_rivers_small_b,
          minmay_box_of_dots
D:3:      layout_loops_ring, okawaru_metal_pillars_1_2, old_standard_altar,
          minmay_quadrilaterals
D:4:      layout_loops_ring, serial_shops, shop
D:5:      layout_basic, mainiacjoe_overflow_concentric_impassable,
          minmay_temple_entry_ruins, serial_aquarium,
          aquarium_bridge_long_joined [aquarium_subvault_balcony,
          aquarium_subvault_bridge, aquarium_subvault_wall,
          aquarium_subvault_wall, aquarium_subvault_bridge,
          aquarium_subvault_wall], aquarium_bridge_straight
          [aquarium_subvault_bridge, aquarium_subvault_balcony,
          aquarium_subvault_bridge, aquarium_subvault_wall], aquarium_window_1,
          aquarium_window_1, aquarium_view_2b, aquarium_view_2c,
          aquarium_pool_2, grunt_ministairs_3
D:6:      minmay_goblin_kobold_castle, layout_cave_pools,
          corexii_leaking_fountain, minmay_shop_mass
D:7:      layout_loops_ring, lemuel_round_altar, enter_bailey_2
D:8:      layout_cave_pools, nicolae_tso_swordbearing_angel,
          amethyst_overflow_temple_binary
D:9:      minmay_the_grid_octo_triangle [minmay_the_grid_octo_thin_diamonds,
          minmay_the_grid_octo_prize_ultimate_mussel_roller,
          minmay_the_grid_octo_teeth], layout_gridville,
          nicolae_gozag_zags_fifth_avenue, nemelex_spade_bored_becter,
          uniq_erolcha
D:10:     layout_basic, elyvilon_altar_3, minitemple, minmay_lair_entry_grove,
          serial_shops, nicolae_shop_hallway_plus, uniq_fannar, uniq_maggie,
          uniq_joseph
Temple:   pf_slimified_temple
Lair:1:   minmay_guarded_unrand_snakebite, layout_long_grid,
          infiniplex_staircase_pool_2
Lair:2:   layout_regular_city, swamp_mist, nicolae_spider_entry_tight_spaces,
          gammafunk_ghost_abyssal_escape, fungi_pond_lemuel, st_stairs_4
Lair:3:   layout_hall_layers, serial_forest, infiniplex_forest_lined_room_3,
          infiniplex_forest_lined_room_2, infiniplex_forest_lined_room_2,
          infiniplex_forest_lined_2, infiniplex_forest_end_1,
          infiniplex_forest_straight_2, infiniplex_forest_fountain,
          infiniplex_forest_lined_room_3, infiniplex_forest_zigzag_1
Lair:4:   onia_ninara_swampy_vault, layout_gridlike, lemuel_fruit_fields

Skill      XL: |  1  2  3  4  5  6  7  8  9 10 11 12 13 14 |
---------------+-------------------------------------------+-----
Axes           | 2 3 4 5 6 7 8 10 | 10.9
Dodging        | 2 3 4 5 6 7 8 9 |  9.0
Armour         | 1 2 3 4 5 6 7 8 |  8.7
Evocations     | 1 2 3 4 5 6 8 9 |  9.5
Throwing       | 1 2 3 4 5 6 7 8 |  8.8
Fighting       | 4 5 6 7 8 9 10 | 10.1
Stealth        | |  4.5

Action                   |  1- 3 |  4- 6 |  7- 9 | 10-12 | 13-15 || total
-------------------------+-------+-------+-------+-------+-------++-------
Melee: Hand axe          |   117 |       |       |       |       ||   117
       Punch             |     2 |     1 |     2 |     7 |       ||    12
       Dagger            |     8 |   101 |   225 |   273 |       ||   607
       Whip              |       |       |       |   158 |   118 ||   276
Throw: Dart              |       |       |       |     8 |       ||     8
       Boomerang         |       |       |       |     4 |       ||     4
  Use: Scroll            |     2 |     1 |     1 |    18 |     1 ||    23
       Potion            |       |       |     1 |     1 |     2 ||     4
 Stab: Sleeping          |    10 |     4 |     4 |     1 |       ||    19
       Distracted        |       |     2 |     1 |     4 |     3 ||    10
Armor: Ring mail         |    53 |    32 |   105 |   123 |       ||   313
       Chain mail        |       |       |       |    81 |       ||    81
       Plate armour      |       |       |       |   112 |   110 ||   222
Dodge: Dodged            |    77 |    54 |   153 |   309 |    76 ||   669

Table legend: (Time is in decaauts)
 A = Elapsed time spent in this place.
 B = Non-inter-level travel time spent in this place.
 C = Inter-level travel time spent in this place.
 D = Time resting spent in this place.
 E = Time spent auto-exploring this place.
 F = Levels seen in this place.
 G = Mean time per level.
                   A        B        C        D        E       F      G
               +--------+--------+--------+--------+--------+-----+--------+
         Total |  15012 |  13822 |   1190 |    465 |  10467 |  16 |  938.2 |
       Dungeon |  10511 |   9506 |   1005 |    385 |   6983 |  10 | 1051.1 |
        Temple |    103 |     84 |     19 |      0 |     78 |   1 |  103.0 |
          Lair |   4164 |   3999 |    165 |     54 |   3311 |   4 | 1041.0 |
        Bailey |    232 |    232 |      0 |     26 |     94 |   1 |  232.0 |
               +--------+--------+--------+--------+--------+-----+--------+

Top non-repeatable levels by time:
  Lair:2: 1412 daAuts
    D:10: 1267 daAuts
     D:4: 1225 daAuts
     D:6: 1175 daAuts
     D:5: 1124 daAuts
     D:9: 1097 daAuts
     D:1: 1096 daAuts
  Lair:1: 1095 daAuts
     D:3: 1048 daAuts
  Lair:3: 1035 daAuts
     D:2: 881 daAuts
     D:7: 876 daAuts
     D:8: 717 daAuts
  Lair:4: 620 daAuts
  Bailey: 232 daAuts
